[Event "December 5 Late 2023"]
[Site "https://www.chess.com"]
[Date "2023.12.05"]
[Round "5"]
[White "Sattarov, Bobir"]
[Black "Tikhonov, Viacheslav"]
[Result "1-0"]
[Board "45"]
[TimeControl "180+1"]
[WhiteFideId "14203081"]
[BlackFideId "44196407"]
[WhiteElo "2731"]
[BlackElo "2534"]
[WhiteTeam "UZB"]
[BlackTeam "RUS"]
[WhiteClock "0:00:43"]
[BlackClock "0:00:00"]

1. e4 c5 2. Nf3 g6 3. d4 cxd4 4. Nxd4 Nc6 5. Nc3 Bg7 6. Be3 Nf6 7. Nxc6 bxc6 8. e5 Ng8 9. Bd4 f6 10. exf6 Nxf6 11. Be2 O-O 12. O-O Re8 13. f4 d5 14. Kh1 Bf5 15. Na4 Ne4 16. Bxg7 Kxg7 17. Qd4+ e5 18. fxe5 Qe7 19. Bd3 Qxe5 20. Qxe5+ Rxe5 21. Kg1 Rae8 22. Rfe1 Nd6 23. Rxe5 Rxe5 24. Bxf5 Nxf5 25. Kf2 Kf6 26. c3 h5 27. Nc5 Ke7 28. Nd3 Re4 29. Nc5 Re5 30. Nd3 Re4 31. Re1 Rxe1 32. Kxe1 g5 33. Ne5 c5 34. Nc6+ Kd7 35. Nxa7 Ne3 36. g3 h4 37. gxh4 gxh4 38. h3 Nc4 39. b3 Nd6 40. a4 c4 41. b4 Kc7 42. Nb5+ Nxb5 43. axb5 Kb6 44. Kd2 Kxb5 45. Ke3 Kc6 46. Kd4 Kd6 47. b5 Ke6 48. Kc5 Ke5 49. b6 Kf4 50. b7 Kg3 51. b8=Q+ Kxh3 52. Qf4 d4 53. Kxd4 1-0

[Event "December 5 Late 2023"]
[Site "https://www.chess.com"]
[Date "2023.12.05"]
[Round "5"]
[White "Krzyzanowski, Marcin"]
[Black "Makaraci, Tunahan"]
[Result "1-0"]
[Board "46"]
[TimeControl "180+1"]
[WhiteFideId "1132199"]
[BlackFideId "6356559"]
[WhiteElo "2724"]
[BlackElo "2524"]
[WhiteTeam "POL"]
[BlackTeam "TUR"]
[WhiteClock "0:00:06"]
[BlackClock "0:00:02"]

1. e4 Nf6 2. e5 Nd5 3. d4 d6 4. Nf3 g6 5. Bc4 Nb6 6. Bb3 Bg7 7. a4 a5 8. Qe2 O-O 9. h3 Nc6 10. c3 Bf5 11. O-O dxe5 12. Na3 exd4 13. cxd4 Nxd4 14. Nxd4 Qxd4 15. Nb5 Qd3 16. Qxd3 Bxd3 17. Re1 Bxb5 18. axb5 e6 19. Bf4 Bxb2 20. Rab1 Bd4 21. Bxc7 Rac8 22. Bf4 a4 23. Red1 e5 24. Bh6 axb3 25. Bxf8 Kxf8 26. Rxb3 Rc2 27. Rf1 Nc4 28. Rd3 Nd2 29. Re1 Nf3+ 30. Rxf3 Rb2 31. Rc1 e4 32. Ra3 Rxf2 33. Kh1 e3 34. Re1 e2 35. Rf3 Rxf3 36. gxf3 Ke7 37. Rxe2+ Kd6 38. Kg2 h5 39. Rc2 Bc5 40. f4 Be3 41. Kf3 Bc5 42. f5 g5 43. Ke4 b6 44. Rd2+ Ke7 45. Ke5 f6+ 46. Kd5 g4 47. hxg4 hxg4 48. Rg2 Kf7 49. Rxg4 Bf2 50. Rg2 Bc5 51. Kc6 Be3 52. Re2 Bd4 53. Kd7 Kg7 54. Ke6 Bc3 55. Rc2 Bd4 56. Rc7+ Kh6 57. Rc4 Bb2 58. Rg4 Kh5 59. Rg6 Bc3 60. Rxf6 Kg5 61. Rg6+ Kh5 62. Rg2 1-0

[Event "December 5 Late 2023"]
[Site "https://www.chess.com"]
[Date "2023.12.05"]
[Round "5"]
[White "Vazquez, Facundo"]
[Black "Della Morte, German"]
[Result "1/2-1/2"]
[Board "47"]
[TimeControl "180+1"]
[WhiteFideId "3007669"]
[BlackFideId "113522"]
[WhiteElo "2719"]
[BlackElo "2471"]
[WhiteTeam "URU"]
[BlackTeam "ARG"]
[WhiteClock "0:00:21"]
[BlackClock "0:00:30"]

1. d4 d5 2. c4 c6 3. Nf3 Nf6 4. e3 e6 5. Nbd2 Be7 6. Bd3 O-O 7. b3 Nbd7 8. Bb2 b6 9. O-O Bb7 10. e4 dxe4 11. Nxe4 c5 12. Nxf6+ Bxf6 13. Qe2 Bxf3 14. Qxf3 cxd4 15. Qe4 g6 16. Bxd4 Bxd4 17. Qxd4 Nc5 18. Qxd8 Raxd8 19. Be2 Rd2 20. Bf3 Rfd8 21. h4 Kg7 22. h5 e5 23. Rfe1 Kf6 24. hxg6 hxg6 25. Bd5 Nd3 26. Re3 Nf4 27. Bf3 Rb2 28. Rae1 Rdd2 29. Rxe5 Rxf2 30. R5e4 Nxg2 31. Rf1 Rxf1+ 32. Kxf1 Kf5 33. Re7 Nh4 34. Rxf7+ Ke6 35. Bd5+ Ke5 36. Rxa7 g5 37. Re7+ Kf4 38. Re2 Rb1+ 39. Kf2 g4 40. Re4+ Kg5 41. Re5+ Kf4 42. Re4+ Kg5 43. Re6 Rb2+ 44. Re2 g3+ 45. Kf1 Rb1+ 46. Re1 g2+ 47. Bxg2 Rxe1+ 48. Kxe1 Nxg2+ 49. Kd2 Nf4 50. Kc3 Kf5 51. Kb4 Nd3+ 52. Kb5 Nc1 53. Kxb6 Nxa2 54. c5 Ke6 55. c6 Nc3 56. Kb7 Nb5 57. Kb6 Nd6 58. b4 Ke7 59. Kc7 Nb5+ 60. Kb6 Nd6 61. Ka7 Kd8 62. Kb6 Kc8 63. b5 Nc4+ 64. Kc5 Na5 65. b6 Nb3+ 66. Kd6 Na5 67. Kc5 Nb3+ 68. Kb5 Nd4+ 69. Kc5 Nb3+ 1/2-1/2

[Event "December 5 Late 2023"]
[Site "https://www.chess.com"]
[Date "2023.12.05"]
[Round "5"]
[White "Bolourchifard, Farzad"]
[Black "Bonin, Jay"]
[Result "1/2-1/2"]
[Board "48"]
[TimeControl "180+1"]
[WhiteFideId "12510084"]
[BlackFideId "2000644"]
[WhiteElo "2715"]
[BlackElo "2392"]
[WhiteTeam "IRI"]
[BlackTeam "USA"]
[WhiteClock "0:00:04"]
[BlackClock "0:00:34"]

1. d4 Nf6 2. Nf3 d6 3. Bg5 Nbd7 4. e3 e5 5. c4 Be7 6. Nc3 O-O 7. Be2 c6 8. O-O Qc7 9. b4 Re8 10. Rb1 Nf8 11. c5 Ng6 12. cxd6 Qxd6 13. dxe5 Nxe5 14. Qxd6 Bxd6 15. Bxf6 gxf6 16. Rfd1 Nxf3+ 17. Bxf3 Be5 18. Rbc1 Be6 19. a3 Rad8 20. Kf1 Bb3 21. Rxd8 Rxd8 22. Ke1 Rd3 23. Ne4 Bd5 24. Nc5 Rxa3 25. Bxd5 cxd5 26. Ke2 b6 27. Nd3 Ra2+ 28. Kf3 a5 29. bxa5 bxa5 30. Rc5 d4 31. Nxe5 fxe5 32. Rxe5 d3 33. Rd5 d2 34. Ke2 d1=Q+ 35. Kxd1 Rxf2 36. Rxa5 Rxg2 37. h4 Kg7 38. Ke1 Kg6 39. Ra4 f5 40. Rf4 Rg4 41. Kf2 Rxf4+ 42. exf4 Kf6 43. Ke3 Kg6 44. Kf3 Kh5 45. Kg3 Kg6 46. Kf3 Kh5 47. Kg3 Kg6 48. Kf3 1/2-1/2

[Event "December 5 Late 2023"]
[Site "https://www.chess.com"]
[Date "2023.12.05"]
[Round "5"]
[White "Hakobyan, Aram"]
[Black "Dmitrenko, Viktor"]
[Result "1-0"]
[Board "49"]
[TimeControl "180+1"]
[WhiteFideId "13306677"]
[BlackFideId "14110270"]
[WhiteElo "3002"]
[BlackElo "2430"]
[WhiteTeam "ARM"]
[BlackTeam "UKR"]
[WhiteClock "0:00:01"]
[BlackClock "0:00:00"]

1. e4 e6 2. Nf3 d5 3. exd5 exd5 4. d4 Bg4 5. h3 Bh5 6. Be2 Bd6 7. O-O Nf6 8. Ne5 Bxe2 9. Qxe2 O-O 10. Nc3 Re8 11. Bg5 c6 12. Rae1 Nbd7 13. f4 Qb6 14. Qd3 Nxe5 15. fxe5 Bxe5 16. Rxe5 Rxe5 17. Na4 Qa5 18. dxe5 Ne4 19. Qb3 b5 20. Nc5 Nxg5 21. Qg3 Qb6 22. Qf2 Rf8 23. b4 Ne6 24. Qe3 Nxc5 25. bxc5 Qc7 26. Rf5 Qd7 27. Rg5 Qe7 28. Qg3 Qxc5+ 29. Kh1 g6 30. h4 Qxc2 31. h5 Kg7 32. Qh4 Qe2 33. Rg3 Qe1+ 34. Kh2 Qxe5 35. h6+ Kg8 36. Kh1 Re8 37. Qg4 Qe1+ 38. Kh2 Qe6 39. Qf4 Qe5 40. Qh4 f6 41. Kh1 Kf7 42. Qh3 Qe1+ 43. Kh2 Qe6 44. Qh4 Qe5 45. Qg4 1-0

[Event "December 5 Late 2023"]
[Site "https://www.chess.com"]
[Date "2023.12.05"]
[Round "5"]
[White "Mikaelyan, Arman"]
[Black "Mis, Mieszko"]
[Result "1-0"]
[Board "50"]
[TimeControl "180+1"]
[WhiteFideId "13304852"]
[BlackFideId "1196448"]
[WhiteElo "2841"]
[BlackElo "2669"]
[WhiteTeam "ARM"]
[BlackTeam "POL"]
[WhiteClock "0:01:21"]
[BlackClock "0:00:00"]

1. e4 c5 2. Nf3 e6 3. Bc4 Nc6 4. O-O a6 5. Re1 d6 6. d4 cxd4 7. Nxd4 Nf6 8. Nc3 Be7 9. Bg5 O-O 10. a4 Bd7 11. Nb3 Rc8 12. Bf1 Ne5 13. a5 Qc7 14. Qd2 Rfd8 15. Rad1 Nc4 16. Bxc4 Qxc4 17. Be3 Bc6 18. Bb6 Re8 19. Nd4 Nd7 20. b3 Qb4 21. Nd5 Qxd2 22. Nxe7+ Rxe7 23. Rxd2 Nxb6 24. axb6 Rd7 25. c4 Rdd8 26. f3 Kf8 27. b4 Ke7 28. Nb3 Kf6 29. Na5 g5 30. Red1 Ke7 31. e5 d5 32. Kf2 Ba4 33. Ra1 Bc6 34. b5 axb5 35. cxb5 Bxb5 36. Nxb7 Rd7 37. Nd6 Rxd6 38. exd6+ Kxd6 39. Rb2 Bc6 40. Ra7 Rb8 41. Rxf7 h5 42. Ke3 g4 43. f4 Ra8 44. b7 Rb8 45. Kd4 Bd7 46. g3 Bc6 47. Rb6 h4 48. gxh4 1-0

[Event "December 5 Late 2023"]
[Site "https://www.chess.com"]
[Date "2023.12.05"]
[Round "5"]
[White "Galaktionov, Artem"]
[Black "Goltsev, Dmitry"]
[Result "1-0"]
[Board "51"]
[TimeControl "180+1"]
[WhiteFideId "24175471"]
[BlackFideId "24176710"]
[WhiteElo "2840"]
[BlackElo "2651"]
[WhiteTeam "RUS"]
[BlackTeam "RUS"]
[WhiteClock "0:00:45"]
[BlackClock "0:00:03"]

1. d4 e6 2. c4 b6 3. Nf3 Bb7 4. g3 Nf6 5. Bg2 Bb4+ 6. Bd2 Be7 7. Nc3 O-O 8. Qc2 d5 9. cxd5 exd5 10. O-O Nbd7 11. Bf4 c5 12. Rfd1 a6 13. dxc5 bxc5 14. Ne5 Rc8 15. Nxd5 Bxd5 16. Bxd5 Nxe5 17. Bxe5 Nxd5 18. Qe4 Re8 19. Rxd5 Qb6 20. Qf3 c4 21. Rad1 Bc5 22. Kg2 Qe6 23. e3 Be7 24. Bc3 h6 25. Re5 Qg6 26. Rd7 Bf8 27. Rxe8 Rxe8 28. Rc7 h5 29. Rxc4 f6 30. h4 Kh7 31. Rc6 Re4 32. Kh2 a5 33. Ra6 Bb4 34. Bxb4 axb4 35. Ra5 Rg4 36. Qf5 Qxf5 37. Rxf5 Kg6 38. Rb5 Rc4 39. Kg2 Kh6 40. Kf3 g5 41. hxg5+ fxg5 42. e4 Kg6 43. Rb6+ Kg7 44. e5 h4 45. gxh4 gxh4 46. Kg2 Re4 47. Kh3 Kf7 48. f3 Rf4 49. Rf6+ Rxf6 50. exf6 b3 51. axb3 1-0

[Event "December 5 Late 2023"]
[Site "https://www.chess.com"]
[Date "2023.12.05"]
[Round "5"]
[White "Ghasi, Ameet K"]
[Black "Ambartsumova, Karina"]
[Result "1/2-1/2"]
[Board "52"]
[TimeControl "180+1"]
[WhiteFideId "409200"]
[BlackFideId "4166299"]
[WhiteElo "2792"]
[BlackElo "2642"]
[WhiteTeam "ENG"]
[BlackTeam "RUS"]
[WhiteClock "0:00:08"]
[BlackClock "0:00:07"]

1. c4 e5 2. Nc3 d6 3. e3 f5 4. d4 Nd7 5. Nf3 Be7 6. h4 Ngf6 7. Ng5 Nf8 8. b4 c6 9. a4 h6 10. Nf3 e4 11. Nd2 Be6 12. Ne2 Bf7 13. b5 Qd7 14. Bb2 Ne6 15. g3 d5 16. Bh3 Nc7 17. cxd5 cxd5 18. Rc1 Rc8 19. Nb3 Bh5 20. Nc5 Bxc5 21. dxc5 O-O 22. Qd2 Bf3 23. O-O Ng4 24. Rfe1 Bxe2 25. Qxe2 Ne6 26. Bxg4 fxg4 27. Qxg4 Qf7 28. Re2 h5 29. Qh3 Rxc5 30. Rd1 Rd8 31. Red2 b6 32. g4 hxg4 33. Qxg4 Rd7 34. Kh2 d4 35. Qxe4 Rf5 36. f4 Nc5 37. Qa8+ Kh7 38. Qg2 Rh5 39. Qg3 dxe3 40. Rxd7 Nxd7 41. Re1 Qe7 42. Rxe3 Qxh4+ 43. Qxh4 Rxh4+ 44. Kg3 Rh1 45. Re7 Nf8 46. Rxg7+ Kh6 47. Rxa7 Ne6 48. Be5 Nc5 49. a5 bxa5 50. Rxa5 Rb1 51. b6 Ne4+ 52. Kf3 Nd2+ 53. Ke2 Nc4 54. Rc5 Nxb6 55. Kf3 Kg6 56. Rc6+ Kf7 57. Kg4 Ke7 58. Kf5 Nd5 59. Rh6 Ne3+ 60. Ke4 Ng4 61. Rh7+ Ke8 62. Kf5 Nxe5 63. fxe5 Rb6 64. Rh8+ Ke7 65. Rh7+ Ke8 66. Ra7 Rc6 67. Ke4 Rb6 68. Kd5 Rh6 69. Rc7 Rg6 70. Rc1 Rh6 71. Rf1 Ke7 72. Rg1 Ra6 73. Ke4 Rb6 74. Kf5 Ra6 75. Rg7+ Ke8 76. Rh7 Rb6 1/2-1/2

[Event "December 5 Late 2023"]
[Site "https://www.chess.com"]
[Date "2023.12.05"]
[Round "5"]
[White "Brodsky, David"]
[Black "Janaszak, Dawid"]
[Result "0-1"]
[Board "53"]
[TimeControl "180+1"]
[WhiteFideId "2073250"]
[BlackFideId "1119206"]
[WhiteElo "2791"]
[BlackElo "2581"]
[WhiteTeam "USA"]
[BlackTeam "POL"]
[WhiteClock "0:00:04"]
[BlackClock "0:01:19"]

1. d4 d5 2. c4 e6 3. Nc3 c5 4. cxd5 cxd4 5. Qa4+ Bd7 6. Qxd4 exd5 7. Qxd5 Nc6 8. Nf3 Nf6 9. Qd1 Bc5 10. e3 Qe7 11. Be2 O-O-O 12. O-O Kb8 13. a3 h5 14. Qc2 g5 15. b4 Bd6 16. Bb2 g4 17. Nd4 Qe5 18. g3 h4 19. Ncb5 hxg3 20. fxg3 Qxe3+ 21. Rf2 Rxh2 22. Bf1 Rdh8 23. Bg2 Bxg3 24. Nxc6+ Bxc6 25. Kf1 Rh1+ 0-1

[Event "December 5 Late 2023"]
[Site "https://www.chess.com"]
[Date "2023.12.05"]
[Round "5"]
[White "Garcia Ramos, Daniel"]
[Black "Troff, Kayden"]
[Result "0-1"]
[Board "54"]
[TimeControl "180+1"]
[WhiteFideId "32010311"]
[BlackFideId "2047896"]
[WhiteElo "2588"]
[BlackElo "2789"]
[WhiteTeam "ESP"]
[BlackTeam "USA"]
[WhiteClock "0:00:03"]
[BlackClock "0:00:07"]

1. e4 c5 2. Nf3 g6 3. d4 cxd4 4. Qxd4 Nf6 5. Nc3 Nc6 6. Qa4 d6 7. e5 dxe5 8. Nxe5 Bd7 9. Nxd7 Nxd7 10. Be3 Bg7 11. Rd1 O-O 12. Be2 Nb6 13. Qe4 Qc7 14. O-O Qe5 15. Qh4 Qf5 16. Bd3 Qa5 17. Ne4 Qxa2 18. b3 Nd5 19. Bh6 Nf6 20. Bxg7 Kxg7 21. Nxf6 exf6 22. Be4 Qa6 23. Rd6 f5 24. Qf6+ Kg8 25. Bd5 Rae8 26. h4 Qe2 27. Bxc6 bxc6 28. Rxc6 Rc8 29. c4 Rb8 30. c5 Rxb3 31. Rc7 Qe6 32. Qd4 Re8 33. Rd7 Qc6 34. Rd6 Qb5 35. g3 Rb4 36. Qf6 Rc4 37. Rd8 Rxc5 38. Rxe8+ Qxe8 39. Qd6 Rc6 40. Qd4 Qe7 41. h5 gxh5 42. Rd1 Rg6 43. Qc4 h4 44. Qf4 hxg3 45. fxg3 Kg7 46. Kh2 Qg5 47. Qe5+ Kh6 48. Rg1 Qh5+ 49. Kg2 Re6 50. Qf4+ Kg6 51. Rh1 Re2+ 52. Kg1 Re1+ 53. Kf2 Qe2# 0-1

[Event "December 5 Late 2023"]
[Site "https://www.chess.com"]
[Date "2023.12.05"]
[Round "5"]
[White "Rastbod, Ali"]
[Black "Rangel, Daniel"]
[Result "0-1"]
[Board "55"]
[TimeControl "180+1"]
[WhiteFideId "12567477"]
[BlackFideId "2124475"]
[WhiteElo "2758"]
[BlackElo "2548"]
[WhiteTeam "IRI"]
[BlackTeam "BRA"]
[WhiteClock "0:00:05"]
[BlackClock "0:00:13"]

1. Nf3 Nf6 2. b3 e6 3. Bb2 d5 4. g3 Be7 5. Bg2 O-O 6. O-O c6 7. d3 a5 8. a3 b6 9. Nbd2 Ba6 10. Re1 Nbd7 11. e4 dxe4 12. dxe4 Qb8 13. e5 Nd5 14. c4 Nc7 15. Ne4 Nc5 16. Nf6+ Kh8 17. Ng5 h6 18. Qh5 Nd3 19. Be4 Bxf6 20. exf6 Nxb2 21. Nxf7+ Rxf7 22. Qg6 Qg8 23. fxg7+ Qxg7 24. Qh5 Raf8 25. Rf1 a4 26. Qe2 axb3 27. Rac1 Nxc4 28. Rxc4 Bxc4 29. Qxc4 b2 30. Bb1 Nd5 31. Qxc6 Qd4 32. Qxe6 Rf6 33. Qd7 R8f7 34. Qc8+ Kg7 35. Qc2 Rxf2 36. Rxf2 Qxf2+ 37. Qxf2 Rxf2 38. Kxf2 Nc3 39. Bc2 b1=Q 40. Bxb1 Nxb1 41. a4 Nc3 42. a5 bxa5 43. Ke3 Nd5+ 44. Kd3 Nf6 45. Kc4 Kg6 0-1

[Event "December 5 Late 2023"]
[Site "https://www.chess.com"]
[Date "2023.12.05"]
[Round "5"]
[White "Krzywda, Andrzej"]
[Black "Skvortsov, Andrei"]
[Result "0-1"]
[Board "56"]
[TimeControl "180+1"]
[WhiteFideId "1114565"]
[BlackFideId "24108600"]
[WhiteElo "2527"]
[BlackElo "2751"]
[WhiteTeam "POL"]
[BlackTeam "MNE"]
[WhiteClock "0:00:00"]
[BlackClock "0:00:58"]

1. e4 c5 2. Nf3 d6 3. d4 cxd4 4. Nxd4 Nf6 5. Nc3 g6 6. Be3 Bg7 7. f3 O-O 8. Qd2 d5 9. exd5 Nxd5 10. Nxd5 Qxd5 11. c4 Qd7 12. Rd1 Nc6 13. Be2 Nxd4 14. Bxd4 Bxd4 15. Qxd4 Qe6 16. Kf2 Qc6 17. f4 Be6 18. b3 Qc7 19. Bf3 Rab8 20. g3 Qa5 21. a4 Qb4 22. Qe3 a6 23. Rd4 Qa3 24. Rhd1 b5 25. cxb5 axb5 26. axb5 Rxb5 27. R1d3 Rxb3 28. Rxb3 Qxb3 29. Qxb3 Bxb3 30. Rd7 e6 31. Rb7 Ba4 32. Ra7 Bb5 33. Rb7 Ba6 34. Ra7 Bc8 35. Ra8 h5 36. h4 Bd7 37. Rxf8+ Kxf8 38. Ke3 Ke7 39. Kd4 Kd6 40. Bd1 Be8 41. Bb3 Bc6 42. Ba2 Bf3 43. Bb3 Bg4 44. Bc2 Bf5 45. Ba4 f6 46. Be8 e5+ 47. fxe5+ fxe5+ 48. Ke3 Kc5 49. Bf7 Kb4 50. Be8 Kc3 51. Bf7 Kc2 52. Bc4 Kc3 53. Bb5 Kb4 54. Ba6 Kc5 55. Be2 Kd6 56. Bf1 Ke6 57. Bb5 Kf6 58. Be8 Be6 59. Ke4 Bb3 60. Bb5 Bc2+ 61. Ke3 Ke7 62. Be2 Ke6 63. Bc4+ Kf5 64. Be2 e4 65. Bf1 Kg4 66. Kf2 e3+ 67. Kxe3 Kxg3 68. Bc4 Kxh4 69. Kf3 g5 70. Kg2 Kg4 71. Kh2 Kf4 72. Be2 g4 73. Bc4 h4 74. Bd5 Be4 75. Be6 g3+ 76. Kg1 Bf5 77. Bd5 h3 0-1

[Event "December 5 Late 2023"]
[Site "https://www.chess.com"]
[Date "2023.12.05"]
[Round "5"]
[White "Keleberda, Tymur"]
[Black "Khruschiov, Alexey"]
[Result "1-0"]
[Board "57"]
[TimeControl "180+1"]
[WhiteFideId "14174294"]
[BlackFideId "13900544"]
[WhiteElo "2497"]
[BlackElo "2730"]
[WhiteTeam "CAN"]
[BlackTeam "MDA"]
[WhiteClock "0:00:07"]
[BlackClock "0:00:15"]

1. e4 g6 2. d4 Bg7 3. Bc4 c6 4. Bb3 d5 5. e5 h5 6. h3 Bf5 7. Nd2 a6 8. c4 e6 9. c5 Nd7 10. Ngf3 b6 11. cxb6 Qxb6 12. O-O Ne7 13. Ba4 Bd3 14. Re1 Bb5 15. Bc2 c5 16. a4 Bc6 17. a5 Qb8 18. dxc5 Nxc5 19. b4 Nd7 20. Bb2 O-O 21. Bc3 Bb5 22. Nb3 Rc8 23. Bd4 Rc4 24. Nc5 Qc7 25. Nxd7 Qxd7 26. Bc5 Nc6 27. Qd2 d4 28. Bd3 Rxc5 29. bxc5 Bxd3 30. Qxd3 Rd8 31. Rab1 Qd5 32. Qxa6 d3 33. Rbd1 Bxe5 34. Re3 Bd4 35. Nxd4 Nxd4 36. Rexd3 e5 37. Qb6 Rc8 38. a6 Qxc5 39. Qxc5 Rxc5 40. Ra1 Rc8 41. a7 Ra8 42. Ra4 Kg7 43. Rd2 Nb5 44. Rd7 Kf6 45. Rb7 Nc3 46. Ra6+ Kf5 47. Rb8 Ne2+ 48. Kf1 Rxa7 49. Rxa7 1-0

[Event "December 5 Late 2023"]
[Site "https://www.chess.com"]
[Date "2023.12.05"]
[Round "5"]
[White "Zimmermann, Ulrich"]
[Black "Djokic, Mihailo"]
[Result "0-1"]
[Board "58"]
[TimeControl "180+1"]
[WhiteFideId "24654523"]
[BlackFideId "976440"]
[WhiteElo "2431"]
[BlackElo "2710"]
[WhiteTeam "GER"]
[BlackTeam "SRB"]
[WhiteClock "0:00:00"]
[BlackClock "0:00:04"]

1. Nf3 Nf6 2. g3 g6 3. Bg2 Bg7 4. O-O O-O 5. d3 d6 6. b4 e5 7. Bb2 Re8 8. c4 a5 9. bxa5 Nc6 10. Nbd2 Rxa5 11. Nb3 Ra7 12. Nfd2 Bd7 13. a4 Qa8 14. a5 Nxa5 15. Nxa5 Rxa5 16. Qb3 Rb8 17. Bc3 Ra4 18. Rxa4 Qxa4 19. Qb2 Bg4 20. Ra1 Qd7 21. Nb3 b5 22. c5 b4 23. Be1 e4 24. d4 Nd5 25. Bxe4 Nc3 26. Bxc3 bxc3 27. Qxc3 dxc5 28. e3 cxd4 29. Nxd4 Rd8 30. Ra8 Rxa8 31. Bxa8 Qa4 32. Qc6 Qd1+ 33. Kg2 Bxd4 34. exd4 Qxd4 35. Qxc7 h5 36. h3 Be6 37. h4 Kh7 38. Qf4 Qa1 39. Bf3 Kg7 40. Qe3 Bf5 41. Qf4 Qc3 42. Qg5 Qa1 43. Qe3 Qb2 44. Qg5 Bd3 45. Qe3 Qb1 46. Qd4+ Kh7 47. Kh2 Qf1 48. Bg2 Qe2 49. Qf4 Bf5 50. Bh3 Bxh3 51. Qxf7+ Kh6 52. Qf4+ Kg7 53. Kxh3 Qf1+ 54. Kh2 Qe1 55. Qe3 Qf1 56. Qf3 Kh7 57. Qb7+ Kh6 58. Qf3 Kh7 59. Qf4 Kg7 60. Qe5+ Kh7 61. Qe7+ Kg8 62. Qd8+ Kg7 63. Qc7+ Kh6 64. Qf4+ Kh7 65. g4 hxg4 66. Qf7+ Kh6 67. Qf4+ Kg7 68. Qe5+ Kf7 69. Qd5+ Kf6 70. Qd6+ Kf5 71. Qd5+ Kf4 72. Qd4+ Kf5 73. Qd5+ Kf6 74. Qd6+ Kg7 75. Qd7+ Kg8 76. Qe6+ Kh7 77. Qe7+ Kh6 78. Qg5+ Kg7 79. Qe7+ Kg8 80. Qg5 Qxf2+ 81. Kh1 Qf3+ 82. Kh2 Qh3+ 83. Kg1 Qg3+ 84. Kh1 Qf3+ 85. Kh2 Kf7 86. Qe5 Qf2+ 87. Kh1 Qxh4+ 88. Kg2 Qh3+ 89. Kg1 g3 90. Qc7+ Kf6 91. Qc6+ Kg5 92. Qc5+ Kh6 93. Qe3+ Kh5 94. Qe5+ Qf5 95. Qh8+ Kg4 96. Qd4+ Qf4 97. Qd7+ Qf5 98. Qd4+ Kg5 99. Qe3+ Qf4 100. Qc5+ Kg4 101. Qc8+ Qf5 102. Qc4+ Kh5 103. Qe2+ Kh4 104. Qc4+ Qg4 0-1

[Event "December 5 Late 2023"]
[Site "https://www.chess.com"]
[Date "2023.12.05"]
[Round "5"]
[White "Panesar Vedant"]
[Black "Saito, Vinicius"]
[Result "1-0"]
[Board "59"]
[TimeControl "180+1"]
[WhiteFideId "35033018"]
[BlackFideId "2113384"]
[WhiteElo "2701"]
[BlackElo "2422"]
[WhiteTeam "IND"]
[BlackTeam "BRA"]
[WhiteClock "0:02:20"]
[BlackClock "0:01:39"]

1. e4 c5 2. Nf3 Nc6 3. Bb5 g6 4. O-O Bg7 5. c3 Nf6 6. Re1 O-O 7. d4 cxd4 8. cxd4 d5 9. e5 Ne4 10. Nc3 Nxc3 11. bxc3 Qc7 12. h3 a6 13. Bd3 Na5 14. Bd2 Nc4 15. Bg5 b5 16. Qc1 f6 17. Bh6 fxe5 18. Bxg7 Rxf3 19. Bxc4 dxc4 20. Bxe5 Qc6 21. gxf3 1-0

[Event "December 5 Late 2023"]
[Site "https://www.chess.com"]
[Date "2023.12.05"]
[Round "5"]
[White "Semenenko, Dmytry"]
[Black "Sahakyan, Aleks"]
[Result "0-1"]
[Board "60"]
[TimeControl "180+1"]
[WhiteFideId "14118645"]
[BlackFideId "13316338"]
[WhiteElo "2396"]
[BlackElo "2699"]
[WhiteTeam "UKR"]
[BlackTeam "ARM"]
[WhiteClock "0:00:38"]
[BlackClock "0:01:06"]

1. Nf3 g6 2. c4 Bg7 3. d4 f5 4. Nc3 Nf6 5. g3 O-O 6. Bg2 d6 7. d5 c6 8. O-O a5 9. Nd4 Qe8 10. Bg5 Bd7 11. Qd2 Na6 12. Bh6 Nc5 13. Bxg7 Kxg7 14. f3 cxd5 15. cxd5 b5 16. Nc6 b4 17. Nb5 Bxc6 18. dxc6 Qxc6 19. Nd4 Qb6 20. Rac1 Ne6 21. e3 Nxd4 22. exd4 Rac8 23. Rfe1 e5 24. Rcd1 Rc4 25. Qf2 Rxd4 26. f4 Ng4 0-1

[Event "December 5 Late 2023"]
[Site "https://www.chess.com"]
[Date "2023.12.05"]
[Round "5"]
[White "yaguigor"]
[Black "Solon, Nathan"]
[Result "1-0"]
[Board "61"]
[TimeControl "180+1"]
[BlackFideId "2017229"]
[WhiteElo "2388"]
[BlackElo "2688"]
[BlackTeam "USA"]
[WhiteClock "0:00:40"]
[BlackClock "0:01:27"]

1. e4 c5 2. Nf3 Nf6 3. e5 Nd5 4. Nc3 e6 5. Nxd5 exd5 6. d4 Nc6 7. dxc5 Bxc5 8. Qxd5 d6 9. exd6 Qb6 10. Bc4 O-O 11. O-O Be6 12. Qe4 Qb4 13. Ng5 g6 14. Nxe6 fxe6 15. Bh6 Rf6 16. Bxe6+ Kh8 17. Qxb4 Nxb4 18. Bb3 Bxd6 19. Rad1 Nc6 20. Bg5 1-0

[Event "December 5 Late 2023"]
[Site "https://www.chess.com"]
[Date "2023.12.05"]
[Round "5"]
[White "Zivic, Dragan"]
[Black "Gabuzyan, Hovhannes"]
[Result "0-1"]
[Board "62"]
[TimeControl "180+1"]
[WhiteFideId "904740"]
[BlackFideId "13303732"]
[WhiteElo "2398"]
[BlackElo "2836"]
[WhiteTeam "SRB"]
[BlackTeam "ARM"]
[WhiteClock "0:00:00"]
[BlackClock "0:00:12"]

1. c4 Nf6 2. Nc3 e5 3. Nf3 Nc6 4. g3 Bb4 5. Nd5 Bc5 6. Bg2 d6 7. O-O Nxd5 8. cxd5 Nd4 9. e3 Nxf3+ 10. Bxf3 O-O 11. b3 f5 12. Bb2 Bb6 13. Bg2 f4 14. exf4 exf4 15. Qh5 Qe8 16. Qxe8 Rxe8 17. Rfe1 Bf5 18. gxf4 g6 19. h4 Kf7 20. Bf3 h5 21. Kg2 a5 22. a4 Bc5 23. Bc3 b6 24. d4 Rxe1 25. Rxe1 Ba3 26. Ra1 Bb4 27. Bxb4 axb4 28. Rc1 Ra7 29. Kf1 Ke7 30. Ke2 Kd7 31. Kd2 b5 32. Ra1 bxa4 33. bxa4 Kc8 34. Be2 Ra5 35. Bb5 Bd7 36. Bxd7+ Kxd7 37. Kd3 Rxd5 38. a5 Kc8 39. a6 Kb8 40. Kc4 Rf5 41. Kxb4 Rxf4 42. Kc4 c5 43. Kb5 Rxd4 44. Kb6 Rb4+ 45. Kc6 Rxh4 46. Kxd6 c4 47. Kc6 Ka7 48. Kb5 Rf4 49. Re1 Rf5+ 50. Kxc4 Rxf2 51. Re6 g5 52. Rh6 h4 53. Kd4 Rf3 54. Ke4 Rg3 55. Kf5 h3 56. Ke4 g4 57. Kf4 Rg2 58. Ke3 h2 59. Kf4 g3 60. Kf3 Rg1 0-1

[Event "December 5 Late 2023"]
[Site "https://www.chess.com"]
[Date "2023.12.05"]
[Round "5"]
[White "Mekhitarian, Krikor Sevag"]
[Black "Ladan, Nicholas"]
[Result "1-0"]
[Board "63"]
[TimeControl "180+1"]
[WhiteFideId "2107660"]
[BlackFideId "30918855"]
[WhiteElo "2832"]
[BlackElo "2475"]
[WhiteTeam "BRA"]
[BlackTeam "USA"]
[WhiteClock "0:01:14"]
[BlackClock "0:00:12"]

1. Nf3 d5 2. c4 c6 3. d4 Nf6 4. Nc3 e6 5. cxd5 exd5 6. Bf4 Bd6 7. Bxd6 Qxd6 8. e3 O-O 9. Qb3 a5 10. Bd3 Na6 11. a3 Nc7 12. O-O Ne6 13. Rac1 Re8 14. h3 h6 15. Rfe1 Ng5 16. Ne5 c5 17. Nb5 Qb8 18. Rxc5 Nfe4 19. Bxe4 Nxe4 20. Qxd5 Rxe5 21. Qd8+ Kh7 22. Rxe5 Nd2 23. Nc7 Bxh3 24. Qxb8 Rxb8 25. gxh3 Nf3+ 26. Kf1 Nxe5 27. dxe5 Rc8 28. Nb5 Rc5 29. Nd6 Rxe5 30. Nxf7 Rd5 31. e4 Rd7 32. Ne5 Rd2 33. Re2 Rd1+ 34. Kg2 h5 35. h4 g5 36. hxg5 b5 37. f4 b4 38. axb4 axb4 39. f5 b3 40. f6 h4 41. g6+ Kh6 42. f7 Kg7 43. Rf2 h3+ 44. Kxh3 1-0

[Event "December 5 Late 2023"]
[Site "https://www.chess.com"]
[Date "2023.12.05"]
[Round "5"]
[White "Uryupin, Igor"]
[Black "Livaic, Leon"]
[Result "0-1"]
[Board "64"]
[TimeControl "180+1"]
[WhiteFideId "4182529"]
[BlackFideId "14531534"]
[WhiteElo "2467"]
[BlackElo "2826"]
[WhiteTeam "RUS"]
[BlackTeam "CRO"]
[WhiteClock "0:00:00"]
[BlackClock "0:00:19"]

1. d4 Nf6 2. Nf3 b6 3. Bf4 Bb7 4. e3 g6 5. Nbd2 Bg7 6. Be2 O-O 7. h3 d6 8. O-O Nbd7 9. c4 Qe8 10. Rc1 e5 11. Bh2 a5 12. b3 Qe7 13. Re1 e4 14. Nh4 Ne8 15. g3 f5 16. Ng2 g5 17. g4 fxg4 18. Bxg4 Nef6 19. f4 exf3 20. Bxf3 Ne4 21. Nxe4 Bxe4 22. Bxe4 Qxe4 23. Qg4 Qxg4 24. hxg4 Nf6 25. Re2 Nxg4 26. Ne1 Rae8 27. Nc2 Nf6 28. c5 Ne4 29. cxb6 cxb6 30. Na3 g4 31. Kg2 h5 32. Nb5 Re6 33. Nc7 Ref6 34. Nd5 Rf2+ 35. Rxf2 Rxf2+ 36. Kg1 Rxa2 37. Nc3 Nxc3 38. Rxc3 Bf8 39. Rc8 Kf7 40. Bf4 h4 41. Rc7+ Ke6 42. Rd7 Kxd7 0-1